 Dungeon Crawl Stone Soup version 0.31.0-10-gcf4a605ca0 (webtiles) character file.

Game seed: 18102206983688530397

92722 Sobieck the Eclecticist (level 15, -12/84 HPs)
             Began as a Deep Elf Conjurer on Jan 25, 2024.
             Was a High Priest of Vehumet.
             Shot with a bolt by a yaktaur captain (49 damage)
             ... on level 14 of the Dungeon.
             The game lasted 01:42:56 (31387 turns).

Sobieck the Eclecticist (Deep Elf Conjurer)        Turns: 31387, Time: 01:42:57

Health: -12/84     AC: 10    Str:  3    XL:     15   Next: 58%
Magic:  19/38      EV: 17    Int: 40    God:    Vehumet [*****.]
Gold:   633        SH:  0    Dex: 13    Spells: 4/49 levels left

rFire   . . .        A - staff of air
rCold   + . .        (no shield)
rNeg    . . .        l - +2 robe {Will+}
rPois   .            u - +0 helmet
rElec   +            w - +1 cloak
rCorr   .            J - +1 pair of gloves of the Worm {rElec rC+ Str-3 Int+5}
SInv    .            M - +0 pair of boots
Will    +++..        (no amulet)
Stlth   +++          m - ring of willpower
HPRegen 0.34/turn    j - +6 ring of intelligence
MPRegen 0.26/turn

%: no passive effects
@: invisible
A: no striking features
a: Renounce Religion


You were on level 14 of the Dungeon.
You worshipped Vehumet.
Vehumet was extremely pleased with you.
You visited 3 branches of the dungeon, and saw 20 of its levels.

You collected 1665 gold pieces.
You spent 1032 gold pieces at shops.

Inventory:

Missiles
 k - 37 poisoned darts
 F - 6 curare-tipped darts
Armour
 e - a +0 pair of gloves
 l - a +2 robe of willpower (worn)
 u - a +0 helmet (worn)
 w - a +1 cloak (worn)
 x - a +0 buckler
 I - the +2 chain mail of Polish {rElec rPois rC+}
   (You found it on level 3 of the Lair of Beasts)

   rC+:       It protects you from cold.
   rElec:     It insulates you from electricity.
   rPois:     It protects you from poison
 J - the +1 pair of gloves of the Worm (worn) {rElec rC+ Str-3 Int+5}
   (You found it on level 3 of the Lair of Beasts)

   Str-3:     It affects your strength (-3).
   Int+5:     It affects your intelligence (+5).
   rC+:       It protects you from cold.
   rElec:     It insulates you from electricity.
 K - an orb of light
 M - a +0 pair of boots (worn)
 O - a +2 buckler of poison resistance
Magical Staves
 A - a staff of air (weapon)
 S - a staff of fire
Jewellery
 c - a ring of protection from cold
 f - a ring of protection from fire
 j - a +6 ring of intelligence (right hand)
 m - a ring of willpower (left hand)
 n - a ring of positive energy
 o - a ring of poison resistance
 q - a ring of ice
 v - a +5 ring of evasion
 G - a ring of wizardry
Wands
 t - a wand of polymorph (4)
 D - a wand of digging (14)
 E - a wand of roots (8)
 L - a wand of mindburst (18)
 P - a wand of paralysis (11)
 V - a wand of flame (19)
Scrolls
 b - 2 scrolls of blinking
 g - a scroll of fear
 r - 3 scrolls of fog
 y - 9 scrolls of vulnerability
 B - a scroll of poison
 R - a scroll of identify
 T - 11 scrolls of teleportation
 X - a scroll of summoning
Potions
 a - 9 potions of ambrosia
 d - 2 potions of might
 i - 2 potions of lignification
 p - a potion of berserk rage
 s - 4 potions of attraction
 z - 2 potions of heal wounds
 C - 5 potions of brilliance
 H - 3 potions of haste
 N - a potion of mutation
 Q - 7 potions of curing
 U - a potion of cancellation
 W - a potion of invisibility


   Skills:
 - Level 6.0 Fighting
 - Level 11.0 Dodging
 - Level 5.0 Stealth
 + Level 17.6 Spellcasting
 - Level 13.0 Conjurations
 - Level 5.0 Translocations
 - Level 9.0 Fire Magic
 - Level 16.0 Air Magic
 - Level 5.0 Alchemy


You had 4 spell levels left.
You knew the following spells:

 Your Spells              Type           Power      Damage    Failure   Level
a - Magic Dart            Conj           100%       1d8       0%          1
b - Searing Ray           Conj           100%       2d8       0%          2
c - Plasma Beam           Fire/Air       58%        2x1d74    1%          6
d - Iskenderun's Mystic   Conj/Tloc      82%        2d16      1%          4
e - Maxwell's Capacitive  Air            64%        ∞         2%          8
f - Swiftness             Air            100%       N/A       0%          3
g - Irradiate             Conj/Alch      41%        3d25      1%          5
A - Iskenderun's Battles  Conj           96%        2d14      1%          5
B - Fulminant Prism       Conj/Alch      41%        3d19      1%          4
C - Orb of Destruction    Conj           48%        9d13      1%          7

Your spell library contained the following spells:

 Spells                   Type           Power      Damage    Failure   Level
 Bombard                  Conj/Erth      36%        9d6       2%          6
 Foxfire                  Conj/Fire      100%       2x1d9     0%          1
 Shock                    Conj/Air       100%       1d9       0%          1
 Static Discharge         Conj/Air       100%       3-8/arc   0%          2
 Mephitic Cloud           Conj/Alch/Air  100%       N/A       0%          3
 Airstrike                Air            64%        2d(10-26) 0%          4
 Kiss of Death            Conj/Necr      100%       2d13      1%          1
 Slow                     Hex            100%       N/A       1%          1
 Dazzling Flash           Conj/Hex       100%       N/A       1%          3
 Inner Flame              Hex/Fire       63%        N/A       1%          3
 Volatile Blastmotes      Fire/Tloc      100%       2d18      1%          3
 Brom's Barrelling Bould  Conj/Erth      72%        2d9       1%          4
 Flame Wave               Conj/Fire      89%        2d19      1%          4
 Manifold Assault         Tloc           66%        N/A       1%          4
 Passage of Golubria      Tloc           66%        N/A       1%          4
 Sticky Flame             Fire/Alch      74%        2d12      1%          4
 Summon Lightning Spire   Summ/Air       99%        N/A       1%          4
 Call Canine Familiar     Summ           35%        N/A       2%          3
 Confusing Touch          Hex            35%        N/A       2%          3
 Sigil of Binding         Hex            35%        N/A       2%          3
 Tukima's Dance           Hex            35%        N/A       2%          3
 Vampiric Draining        Necr           35%        2d8       2%          3
 Dimensional Bullseye     Hex/Tloc       26%        N/A       2%          4
 Animate Armour           Summ/Erth      70%        N/A       8%          4
 Dispel Undead            Necr           35%        3d15      8%          4
 Fireball                 Conj/Fire      44%        3d18      1%          5
 Silence                  Hex/Air        49%        N/A       1%          5
 Conjure Ball Lightning   Conj/Air       61%        3x3d22    1%          6
 Starburst                Conj/Fire      44%        6d12      1%          6
 Lee's Rapid Deconstruct  Erth           17%        3d11*     6%          5
 Summon Forest            Summ/Tloc      26%        N/A       8%          5
 Dispersal                Tloc           33%        N/A       16%         6
 Curse of Agony           Necr           35%        N/A       22%         5
 Summon Mana Viper        Hex/Summ       35%        N/A       22%         5
 Lehudib's Crystal Spear  Conj/Erth      36%        10d9      63%         8
 Summon Cactus Giant      Summ           17%        N/A       77%         6
 Disjunction              Tloc           33%        N/A       100%        8


Dungeon Overview and Level Annotations

Branches:
Dungeon (14/15)            Temple (1/1) D:4            Lair (5/5) D:8
 Shoals (0/4) Lair:3        Snake (0/4) Lair:2        Slime (0/5) Lair:4
    Orc (0/2) D:12         Vaults (0/5) D:13

Altars:
Ashenzari
Cheibriados
Dithmenos
Elyvilon
Fedhas
Gozag
Hepliaklqana
Kikubaaqudgha
Makhleb
Nemelex Xobeh
Okawaru
Qazlal
Ru
Sif Muna
Trog
Uskayaw
Vehumet
Wu Jian
Xom
Yredelemnul
Zin
The Shining One
Jiyva

Shops:
D:1 [   D:4 :   D:10 [   D:13 ((   D:14 *

Portals:
Trove: D:11 (give 3 scrolls of blinking)

Annotations:
D:12 3 runed translucent doors, Aneyh's ghost, journeyman TeMo
Lair:4 1 runed translucent door


Message History

You hear a shout!
The boulder beetle curls into a ball and begins rolling!
You feel a surge of power!
The bolt of lightning hits the boulder beetle!!!
You kill the boulder beetle!
Vehumet accepts your kill.
You hear two shouts!
A death knight comes into view. It is wielding a +0 great sword.
Unknown command.
Unknown command.
You feel a surge of power!
The bolt of lightning hits the death knight!!
The death knight is moderately wounded.
The fiery plasma misses the death knight.
The death knight offers itself to Yredelemnul, and fills with unholy energy.
You feel a surge of power!
The bolt of lightning hits the death knight!
The death knight is heavily wounded.
The fiery plasma hits the death knight!!!
You kill the death knight!
Vehumet accepts your kill.
You feel your power returning.
Your damage is reflected back at you!
You hear a shout!
Unknown command.
Unknown command.
You start resting.
A yaktaur captain comes into view.
Danger!
Unknown command.
You feel a surge of power!
The bolt of lightning hits the yaktaur captain.
The yaktaur captain is lightly wounded.
The fiery plasma hits the yaktaur captain.
The yaktaur captain is lightly wounded.
You hear two shouts!
The yaktaur captain throws a javelin.
The javelin pierces through you!!
Unknown command.
You are too injured to fight recklessly!
Unknown command.
You fade into invisibility!
The yaktaur captain wields a +0 arbalest.
The yaktaur captain shoots a bolt.
The bolt misses you.
Casting: Plasma Beam (dangerous; 1% risk of failure)
Confirm with . or Enter, or press ? or * to list all spells.
Aiming: Orb of Destruction (dangerous; 1% risk of failure)
Press: ? - help, Shift-Dir - straight line, f - yaktaur captain
Aim: a yaktaur captain, wielding a +0 arbalest and quivering javelins (lightly wounded, unable to see you)
The yaktaur captain shoots a bolt.
The bolt hits you!!!
Ouch! That really hurt!
You die...

#...................## #....
#.†################## #....
#..################### ##....
#............†.......# #.....
##..................## ##.....
#######################......
###################........
###............○○*.c........#
##..........[@.○.............#
#..)...)....................##
##.......)..)..............###
#.....†..###################
#......### #.....## #.....#
#..).## #...)#


You could see a yaktaur captain (unable to see you, ally target).

Vanquished Creatures
  Kirke (Lair:3)
  An entropy weaver (shapeshifter) (D:14)
  An ice dragon (Lair:5)
  4 hydras
  A catoblepas (D:14)
  8 boulder beetles
  6 two-headed ogres
  A death knight (D:14)
  12 centaur warriors
  3 tengu warriors
  10 death yaks
  Nergalle (D:10)
  Sonja (D:10)
  2 skeletal warriors (D:14)
  A skyshark (Lair:4)
  2 arcanists
  A swamp dragon (Lair:5)
  2 deep trolls
  A lindwurm (Lair:5)
  3 deep elf pyromancers
  A salamander (Lair:2)
  An oklob plant (Lair:2)
  4 manticores
  10 ugly things (D:14)
  Maurice (D:7)
  8 cyclopes
  12 elephants
  9 meliai (D:13)
  A black mamba (shapeshifter) (D:14)
  3 black mambas
  An unseen horror (D:11)
  11 cane toads
  2 gargoyles (D:14)
  3 kobold demonologists (D:12)
  6 komodo dragons
  5 rime drakes
  4 polar bears
  7 trolls
  A queen bee (Lair:2)
  3 hornets
  4 dream sheep (Lair:4)
  8 blink frogs
  11 slime creatures
  A centaur simulacrum (D:14)
  2 shadows (D:12)
  4 vampires
  4 wraiths
  2 wyverns
  A yak (shapeshifter) (D:13)
  7 basilisks
  A water elemental (D:14)
  4 steam dragons
  66 yaks
  Menkaure (D:7)
  8 vampire mosquitoes
  3 acid dragons
  A naga (Lair:2)
  15 water moccasins
  2 sky beasts
  A swamp drake (Lair:5)
  An ice beast (D:7)
  3 orc warriors
  2 black bears
  2 laughing skulls (D:13)
  An ogre (D:7)
  A boggart (D:14)
  25 wolves
  5 centaurs
  A weeping skull (D:8)
  3 kobold brigands
  14 bullfrogs
  A gnoll sergeant (D:7)
  34 killer bees
  16 wights
  A howler monkey (D:9)
  10 electric eels
  3 jellies
  10 orc priests
  2 bombardier beetles
  2 gnoll boudas
  6 hounds
  4 iguanas (Lair:5)
  9 orc wizards
  Robin (D:3)
  8 adders
  20 gnolls
  A shadow imp (D:8)
  A white imp (D:6)
  2 ufetubi (D:6)
  4 dart slugs
  4 ribbon worms
  42 orcs
  5 bats
  8 endoplasms
  2 giant cockroaches
  16 goblins
  3 hobgoblins
  2 quokkas
  3 ball pythons
  2 frilled lizards (D:3)
  15 kobolds
  A rat (D:1)
  A spectral orc (D:8)
598 creatures vanquished.

Vanquished Creatures (others)
  2 humans (Lair:3)
  An electric eel (Lair:3)
  277 fulminant prisms
280 creatures vanquished.

Grand Total: 878 creatures vanquished

Notes
Turn   | Place    | Note
-------+----------+-------------------------------------------
     0 | D:1      | Sobieck the Deep Elf Conjurer began the quest for the Orb.
     0 | D:1      | Reached XP level 1. HP: 10/10 MP: 6/6
   328 | D:1      | Reached XP level 2. HP: 15/15 MP: 5/8
   415 | D:1      | Reached skill level 1 in Alchemy
   872 | D:1      | Found Ydgh's Antique Armour Shop.
   902 | D:1      | Learned a level 2 spell: Searing Ray
  1354 | D:2      | Reached XP level 3. HP: 19/19 MP: 0/10
  1907 | D:2      | Reached skill level 4 in Spellcasting
  2626 | D:3      | Reached XP level 4. HP: 24/24 MP: 9/12
  2695 | D:3      | Learned a level 4 spell: Fulminant Prism
  2700 | D:3      | Learned a level 4 spell: Iskenderun's Mystic Blast
  3179 | D:3      | Reached XP level 5. HP: 28/28 MP: 10/14
  3262 | D:3      | Noticed Robin
  3289 | D:3      | Killed Robin
  3413 | D:3      | Found a hazy altar of Hepliaklqana.
  3587 | D:3      | Reached skill level 5 in Spellcasting
  3587 | D:3      | Reached skill level 3 in Alchemy
  3892 | D:4      | Reached XP level 6. HP: 32/32 MP: 4/16
  4201 | D:4      | Reached skill level 6 in Conjurations
  4390 | D:4      | Found Rurafrynn's Book Emporium.
  4409 | D:4      | Found a staircase to the Ecumenical Temple.
  4424 | D:4      | Reached skill level 6 in Spellcasting
  4521 | Temple   | Entered the Ecumenical Temple
  4535 | Temple   | Became a worshipper of Vehumet
  5235 | D:5      | Entered Level 5 of the Dungeon
  5277 | D:5      | Reached XP level 7. HP: 36/36 MP: 11/18
  5414 | D:5      | Reached skill level 1 in Translocations
  5676 | D:5      | Reached skill level 7 in Spellcasting
  5858 | D:5      | Reached * piety under Vehumet
  5858 | D:5      | Offered knowledge of Freeze by Vehumet.
  6052 | D:5      | Found a sacrificial altar of Ru.
  6065 | D:5      | Found a snail-covered altar of Cheibriados.
  6605 | D:6      | Noticed a boulder beetle
  6900 | D:6      | Reached skill level 3 in Translocations
  6900 | D:6      | Reached XP level 8. HP: 41/41 MP: 16/21
  7287 | D:6      | Reached skill level 3 in Stealth
  7348 | D:7      | Noticed Menkaure
  7355 | D:7      | Killed Menkaure
  7356 | D:7      | Reached skill level 1 in Fighting
  7356 | D:7      | Reached skill level 3 in Dodging
  7356 | D:7      | Reached skill level 8 in Spellcasting
  7470 | D:7      | Noticed Maurice
  7549 | D:7      | Killed Maurice
  7550 | D:7      | Reached XP level 9. HP: 48/48 MP: 1/23
  7730 | D:7      | Found a broken altar of Ashenzari.
  8268 | D:6      | Reached skill level 9 in Spellcasting
  8546 | D:6      | Offered knowledge of Foxfire by Vehumet.
  8547 | D:6      | Reached skill level 3 in Fighting
  8549 | D:6      | Reached ** piety under Vehumet
  8960 | D:6      | Noticed a two-headed ogre
  9313 | D:6      | Killed a two-headed ogre
  9314 | D:6      | Reached skill level 6 in Dodging
  9314 | D:6      | Reached skill level 10 in Spellcasting
  9314 | D:6      | Reached skill level 9 in Conjurations
  9314 | D:6      | Reached XP level 10. HP: 56/56 MP: 1/26
  9669 | D:7      | Found a white marble altar of Elyvilon.
 10144 | D:8      | Reached skill level 1 in Fire Magic
 10331 | D:8      | Offered knowledge of Mephitic Cloud by Vehumet.
 10336 | D:8      | Learned a level 3 spell: Mephitic Cloud
 10645 | D:8      | Found a staircase to the Lair.
 10720 | D:8      | Reached skill level 3 in Fire Magic
 10796 | D:8      | Reached *** piety under Vehumet
 11190 | D:8      | Found a basalt altar of Yredelemnul.
 11267 | D:8      | Found a bloodstained altar of Trog.
 11320 | D:8      | Learned a level 6 spell: Starburst
 11550 | D:9      | Reached skill level 11 in Spellcasting
 12081 | D:9      | Found a glowing silver altar of Zin.
 12248 | D:10     | Entered Level 10 of the Dungeon
 12250 | D:10     | Reached XP level 11. HP: 63/63 MP: 24/28
 12305 | D:10     | Offered knowledge of Airstrike by Vehumet.
 12469 | D:10     | Noticed a two-headed ogre
 12476 | D:10     | Killed a two-headed ogre
 12477 | D:10     | Reached skill level 9 in Dodging
 12477 | D:10     | Reached skill level 12 in Spellcasting
 12579 | D:10     | Noticed Sonja
 12587 | D:10     | Killed Sonja
 12693 | D:10     | Noticed a centaur warrior
 12791 | Lair:1   | Entered Level 1 of the Lair of Beasts
 12796 | Lair:1   | Reached skill level 6 in Fire Magic
 12942 | Lair:1   | Noticed a boulder beetle
 12950 | Lair:1   | Killed a boulder beetle
 13717 | D:4      | Bought a book of the Spheres for 768 gold pieces
 13723 | D:4      | Learned a level 5 spell: Iskenderun's Battlesphere
 13922 | Lair:1   | Noticed a death yak
 13927 | Lair:1   | Killed a death yak
 13929 | Lair:1   | Noticed a death yak
 13957 | Lair:1   | Killed a death yak
 13958 | Lair:1   | Reached skill level 9 in Fire Magic
 14074 | Lair:1   | Learned a level 7 spell: Orb of Destruction
 14087 | Lair:1   | Noticed a death yak
 14090 | Lair:1   | Noticed a death yak
 14096 | Lair:1   | Killed a death yak
 14100 | Lair:1   | Killed a death yak
 14100 | Lair:1   | Reached **** piety under Vehumet
 14101 | Lair:1   | Reached XP level 12. HP: 68/68 MP: 7/30
 14119 | Lair:1   | Noticed a death yak
 14245 | Lair:1   | Killed a death yak
 14724 | Lair:2   | Noticed an eight-headed hydra
 14728 | Lair:2   | Killed an eight-headed hydra
 14729 | Lair:2   | Reached skill level 12 in Conjurations
 14830 | Lair:2   | Offered knowledge of Ignite Poison by Vehumet.
 14972 | Lair:2   | Noticed a death yak
 14973 | Lair:2   | Noticed a death yak
 14973 | Lair:2   | Noticed a death yak
 14978 | Lair:2   | Killed a death yak
 14982 | Lair:2   | Noticed a death yak
 14992 | Lair:2   | Killed a death yak
 15000 | Lair:2   | Noticed a death yak
 15140 | Lair:2   | Killed a death yak
 15148 | Lair:2   | Reached skill level 13 in Spellcasting
 15148 | Lair:2   | Killed a death yak
 15385 | Lair:2   | Killed a death yak
 15626 | Lair:2   | Reached skill level 14 in Spellcasting
 15821 | Lair:2   | Found a blossoming altar of Fedhas.
 16435 | Lair:2   | Reached skill level 6 in Fighting
 16501 | Lair:2   | Reached skill level 1 in Air Magic
 16809 | Lair:2   | Found a staircase to the Snake Pit.
 16883 | Lair:2   | Reached XP level 13. HP: 74/74 MP: 26/33
 16918 | Lair:2   | Reached skill level 3 in Air Magic
 17322 | Lair:3   | Reached ***** piety under Vehumet
 17445 | Lair:3   | Offered knowledge of Irradiate by Vehumet.
 17454 | Lair:2   | Learned a level 5 spell: Irradiate
 17571 | Lair:3   | Reached skill level 6 in Air Magic
 17782 | Lair:3   | Identified the +2 chain mail of Polish {rElec rPois rC+}
 17792 | Lair:3   | Noticed Kirke
 17799 | Lair:3   | Killed Kirke
 18600 | Lair:3   | Identified the +1 pair of gloves of the Worm {rElec rC+
                  | Str-3 Int+5}
 18756 | Lair:3   | Found a staircase to the Shoals.
 19300 | Lair:4   | Reached skill level 9 in Air Magic
 19910 | Lair:4   | Found a runed translucent door.
 19911 | Lair:4   | Found a viscous altar of Jiyva.
 19911 | Lair:4   | Noticed an azure jelly
 19912 | Lair:4   | Noticed an azure jelly
 19916 | Lair:4   | Found a staircase to the Slime Pits.
 20263 | Lair:5   | Entered Level 5 of the Lair of Beasts
 21085 | Lair:5   | Reached XP level 14. HP: 80/80 MP: 29/34
 22232 | Lair:5   | Learned a level 6 spell: Plasma Beam
 22553 | D:6      | Reached skill level 12 in Air Magic
 22861 | D:10     | Noticed Nergalle
 22863 | D:10     | Killed Nergalle
 23007 | D:10     | Found Urghiur's Antique Armour Boutique.
 23209 | D:4      | Bought a book of Air for 264 gold pieces
 23213 | D:4      | Learned a level 3 spell: Swiftness
 24212 | D:11     | Found a portal to a secret trove of treasure.
 25644 | D:12     | Reached skill level 15 in Spellcasting
 25648 | D:12     | Found a staircase to the Orcish Mines.
 25813 | D:12     | Found a runed translucent gate.
 25815 | D:12     | Found a runed translucent gate.
 25815 | D:12     | Found a runed translucent gate.
 25817 | D:12     | Noticed Aneyh's ghost (journeyman TeMo)
 27230 | D:13     | Found Kiyres's Weapon Shoppe.
 27375 | D:13     | Found Edghohesk's Antique Weapon Boutique.
 27661 | D:13     | Reached skill level 16 in Spellcasting
 27807 | D:13     | Learned a level 8 spell: Maxwell's Capacitive Coupling
 28877 | D:13     | Found a gate to the Vaults.
 29070 | D:14     | Reached XP level 15. HP: 84/84 MP: 31/37
 29224 | D:14     | Reached skill level 15 in Air Magic
 29514 | D:14     | Offered knowledge of Bombard by Vehumet.
 30278 | D:14     | Found Qehah's Blood Bar.
 31066 | D:14     | Reached skill level 17 in Spellcasting
 31387 | D:14     | Shot with a bolt by a yaktaur captain

Illustrated notes

Levels and vault maps discovered:
D:1:      amcnicky_arrival_underground_garden, layout_loops_ring, serial_forest,
          infiniplex_forest_clump_C, infiniplex_forest_end_3,
          infiniplex_forest_end_1, infiniplex_forest_lined_room_3,
          infiniplex_forest_lined_1, infiniplex_forest_straight_2,
          infiniplex_forest_end_2, serial_shops, shop
D:2:      layout_basic, nicolae_wormholes
D:3:      layout_basic, nicolae_hepliaklqana_hazy_memory, uniq_robin
D:4:      layout_basic, minmay_temple_entry_junction, serial_shops,
          nicolae_shop_tiny_glass
D:5:      layout_rooms, mainiacjoe_overflow_swirl, palyth_stone_intersect
D:6:      layout_cave_pods, kennysheep_big_empty_room, kb_rosetta
D:7:      layout_basic, cheibrodos_ashenzari_chains, lemuel_round_altar,
          minmay_misc_feat_more_columns, nicolae_benzene_ring, uniq_maurice,
          uniq_menkaure
D:8:      layout_rooms, lemuel_coloured_pillars_altar,
          yredelemnul_forgotten_temple_becter, erik_lair_island
D:9:      layout_basic, zin_treasury
D:10:     hellmonk_ruined_rings, layout_layer_cave, kennysheep_small_square,
          uniq_sonja, uniq_nergalle
D:11:     nzn_winding_woodlands_small [nzn_winding_woodlands_5x15_zeroes,
          nzn_winding_woodlands_center_lodge,
          nzn_winding_woodlands_5x15_pathside_ponds], layout_loops_ring,
          enter_trove_1
D:12:     layout_cave_pods, minmay_orc_entry_temple_small,
          gammafunk_ghost_spectres, serial_park, serial_park_square2,
          serial_park_tiny_1, serial_park_tiny_2, serial_park_square2,
          serial_park_gazebo [serial_park_minivault_5x5_2], minivault_5
D:13:     layout_long_grid, david_vaults_4, serial_shops, shop,
          nicolae_shop_hallway_plus, serial_bayou, serial_bayou_crossing,
          serial_bayou_ford_a, serial_bayou_shore_b, serial_bayou_pond_c
D:14:     minmay_nested_s, layout_rooms, hangedman_abyss_or_decor_clamps,
          serial_bayou, serial_bayou_lagoon_b, serial_bayou_pond_e,
          serial_bayou_shore_b, serial_bayou_pond_a, guppyfry_shop_blood
Temple:   dpeg_chambers_temple
Lair:1:   layout_hall_layers, beast_lair_carwin_2
Lair:2:   layout_gridlike, alex1729_snake_entry_snake, special_room
          [special_room_bee], tgw_fedhas
Lair:3:   layout_hall_layers, mainiacjoe_shoals_entry_four_pools,
          grunt_megastairs_3, uniq_kirke
Lair:4:   dreamdust_cave_troll, layout_hall_layers, slime_entry_2,
          chequers_serial_rivers_small_b, serial_bayou_shore_b
Lair:5:   guppyfry_lair_end_dragon, layout_loops_ring, serial_bayou_shore_a

Skill      XL: |  1  2  3  4  5  6  7  8  9 10 11 12 13 14 15 |
---------------+----------------------------------------------+-----
Alchemy        | 1 2 3 4 5 |  5.0
Spellcasting   | 4 5 6 7 8 10 11 12 14 16 17 | 17.6
Conjurations   | 5 6 7 8 9 10 11 13 | 13.0
Translocations | 3 4 5 |  5.0
Stealth        | 4 5 |  5.0
Fighting       | 2 3 5 6 |  6.0
Dodging        | 4 6 8 10 11 | 11.0
Fire Magic     | 4 9 |  9.0
Air Magic      | 2 11 14 16 | 16.0

Action                     |  1- 3 |  4- 6 |  7- 9 | 10-12 | 13-15 || total
---------------------------+-------+-------+-------+-------+-------++-------
  Melee: Staff             |       |       |       |     3 |    25 ||    28
         Punch             |       |       |       |       |     1 ||     1
  Throw: Dart              |       |       |       |     3 |       ||     3
   Cast: Magic Dart        |    64 |    52 |    17 |    49 |    69 ||   251
         Searing Ray       |     6 |    11 |     7 |     2 |       ||    26
         Fulminant Prism   |       |    17 |    76 |   122 |    62 ||   277
         Iskenderun's Myst |       |     1 |    15 |    27 |    16 ||    59
         Starburst         |       |       |       |    27 |    42 ||    69
         Iskenderun's Batt |       |       |       |    17 |    27 ||    44
         Orb of Destructio |       |       |       |    12 |    23 ||    35
         Irradiate         |       |       |       |       |    11 ||    11
         Plasma Beam       |       |       |       |       |   207 ||   207
         Maxwell's Capacit |       |       |       |       |     1 ||     1
  Evoke: Wand              |       |       |       |     1 |     1 ||     2
    Use: Scroll            |       |    11 |     5 |     5 |    12 ||    33
         Potion            |       |       |       |       |     5 ||     5
 Armour: Robe              |     1 |     4 |    20 |    25 |    55 ||   105
  Dodge: Dodged            |     3 |     6 |    25 |    37 |    54 ||   125
